 Dungeon Crawl Stone Soup version 0.20.1-1-g8b1a95d66d (webtiles) character file.

43668 Peloso the Blocker (level 14, -3/97 HPs)
             Began as a Halfling Fighter on Dec 7, 2017.
             Was a High Priest of Okawaru.
             Slain by a catoblepas (9 damage)
             ... on level 12 of the Dungeon.
             The game lasted 01:16:23 (28021 turns).

Peloso the Blocker (Halfling Fighter)              Turns: 28021, Time: 01:16:23

Health: -3/97      AC: 16    Str: 26    XL:     14   Next: 61%
Magic:  15/15      EV:  3    Int:  6    God:    Okawaru [*****.]
Gold:   1941       SH:  0    Dex: 17    Spells: 13/13 levels left

rFire    + + .     SeeInvis .   a - +6 scimitar (slice)
rCold    x . .     Gourm    +   c - +0 shield
rNeg     + + +     Faith    .   x - +2 fire dragon scales "Rapt" {rF++ rC- Dex+2}
rPois    ∞         Spirit   .   s - +0 helmet
rElec    .         Reflect  .   (no cloak)
rCorr    .         Harm     .   (no gloves)
MR       +....                  L - +0 pair of boots
Stlth    +.........             Q - amulet of the gourmand
Regen    0.3/turn               z - +4 ring of evasion
MPRegen  0.2/turn               P - +5 ring of strength

@: petrified
A: mutation resistance 1
a: Heroism, Finesse, Renounce Religion


You were on level 12 of the Dungeon.
You worshipped Okawaru.
Okawaru was extremely pleased with you.
You were not hungry.

You visited 4 branches of the dungeon, and saw 18 of its levels.
You also visited: Labyrinth.

You collected 1941 gold pieces.

Inventory:

Hand Weapons
 a - a +6 scimitar of slicing (weapon)
 D - the +9 shortbow "Douhyun" {venom, Int+5 Dex-3, unknown}
   (You found it on level 1 of the Orcish Mines)

   It poisons the ammo it fires.
   It affects your intelligence (+5).
   It affects your dexterity (-3).
 F - a +3 morningstar of flaming
 W - the +0 long sword of Innocence {slice, rN+}
   (Okawaru gifted it to you on level 12 of the Dungeon)

   It inflicts extra damage upon your enemies.
   It protects you from negative energy.
Armour
 c - a +0 shield (worn)
 g - a +1 hat of intelligence
 s - a +0 helmet (worn)
 x - the +2 fire dragon scales "Rapt" (worn) {rF++ rC- Dex+2}
   (Okawaru gifted it to you on level 3 of the Lair of Beasts)

   It affects your dexterity (+2).
   It greatly protects you from fire.
   It makes you vulnerable to cold.
 L - a +0 pair of boots (worn)
Jewellery
 i - an uncursed amulet of guardian spirit
 j - a +2 ring of slaying
 t - a +4 amulet of reflection
 u - an uncursed ring of poison resistance
 z - a +4 ring of evasion (left hand)
 P - a +5 ring of strength (right hand)
 Q - an amulet of the gourmand (around neck)
Wands
 e - a wand of flame (18/48)
 m - a wand of disintegration (9/24)
 G - a wand of digging (18/24)
 O - a wand of digging (18/24)
Scrolls
 b - a scroll of fear {unknown}
 h - 7 scrolls of remove curse
 k - a scroll of teleportation
 q - 5 scrolls of identify
 v - 3 scrolls of enchant armour
 w - a scroll of enchant weapon {unknown}
 y - a scroll of amnesia
 A - 3 scrolls of magic mapping
 B - a scroll of recharging
 H - a scroll of fog
 K - a scroll of vulnerability {unknown}
 M - a scroll of holy word {unknown}
Potions
 d - 3 potions of invisibility
 o - a potion of experience
 p - a potion of haste
 C - a potion of brilliance
 E - a potion of flight
 J - a potion of curing
 R - 5 potions of agility
 S - 2 potions of resistance {unknown}
Books
 N - a book of Power

   Spells                             Type                      Level
   a - Iskenderun's Battlesphere      Conjuration/Charms           5
   b - Venom Bolt                     Conjuration/Poison           5
   c - Bolt of Magma                  Conjuration/Fire/Earth       5
   d - Iron Shot                      Conjuration/Earth            6
   e - Orb of Destruction             Conjuration                  7
   f - Spellforged Servitor           Conjuration/Summoning        7
 T - a book of Spatial Translocations

   Spells                             Type                      Level
   a - Blink                          Translocation                2
   b - Shroud of Golubria             Charms/Translocation         2
   c - Lesser Beckoning               Translocation                3
   d - Gell's Gravitas                Translocation                3
   e - Teleport Other                 Translocation                3
   f - Passage of Golubria            Translocation                4
Miscellaneous
 U - a box of beasts
 V - a lamp of fire
Comestibles
 f - 13 bread rations
 l - 8 meat rations
 n - 9 royal jellies
 r - 27 fruits


   Skills:
 + Level 9.3 Fighting
 + Level 14.1 Long Blades
 + Level 0.6 Maces & Flails
   Level 1.3 Polearms
 + Level 10.2 Armour
 + Level 5.9 Dodging
 + Level 2.4 Stealth
 + Level 14.3 Shields
 + Level 2.5 Invocations
 + Level 0.8 Evocations


You had 13 spell levels left.
You didn't know any spells.

Dungeon Overview and Level Annotations

Branches:
Dungeon (13/15)            Temple (1/1) D:5            Lair (3/6) D:9
 Spider (0/4) Lair:3          Orc (1/2) D:9
  Swamp: Lair:2-4    Shoals: Lair:2-4    Vaults: D:13-14

Altars:
Ashenzari
Cheibriados
Dithmenos
Elyvilon
Fedhas
Gozag
Hepliaklqana
Kikubaaqudgha
Makhleb
Nemelex Xobeh
Okawaru
Qazlal
Ru
Sif Muna
Trog
Uskayaw
Vehumet
Xom
Yredelemnul
Zin
The Shining One

Shops:
D:11 :

Annotations:
Lair:3 exclusion: 3 oklob plants


Innate Abilities, Weirdness & Mutations

You are small and have problems with some larger weapons.
You are somewhat resistant to further mutation.


Message History

You feel better.
You are engulfed in calcifying dust.
Your limbs have turned to stone.
The catoblepas breathes a plume of calcifying dust at you.
The blast of calcifying dust hits you! The catoblepas gores you!!
* * * LOW HITPOINT WARNING * * *
You have turned to stone.
You are engulfed in calcifying dust.
The catoblepas gores you but does no damage.
You are engulfed in calcifying dust.
The catoblepas gores you but does no damage.
The catoblepas smashes its foot into the ground.
The catoblepas gores you but does no damage.
The catoblepas breathes a plume of calcifying dust at you.
The blast of calcifying dust hits you!
You are engulfed in calcifying dust.
The catoblepas gores you but does no damage.
You are engulfed in calcifying dust.
The catoblepas gores you!
* * * LOW HITPOINT WARNING * * *
You are engulfed in calcifying dust.
The catoblepas gores you!!
You die...

###### #....# #....# #
##############)...### #
#.§.§§@Y.[.[..).....###
#.####.................
###.####.#######....#.###
#....^.#.# #####..#...#
#.#.##.#.# #......###.#
#.#..#.#.#####.###......#
#.#....#.##..........##.#
#.#.####.##.##.###.#.####
#.##...#.##..#.# #.#.....


You could see a catoblepas.

Vanquished Creatures
  A stone giant (Orc:1)
  3 ettins (Orc:1)
  A minotaur (Lab)
  A fire dragon (D:12)
  2 hydras
  5 two-headed ogres
  A titan zombie (Orc:1)
  Sonja (Lair:2)
  Urug (Lair:2)
  14 cyclopes
  A stone giant zombie (Orc:1)
  3 black mambas
  A rime drake (Lair:2)
  7 spiny frogs
  The ghost of tensugalgo the Twirler, a novice DsGl (D:5)
  8 komodo dragons
  3 jumping spiders (Lair:3)
  A queen bee (D:12)
  3 meliai (D:12)
  Prince Ribbit (D:6)
  6 hippogriffs
  5 blink frogs (Lair:3)
  A redback (Lair:3)
  A vampire (D:11)
  A basilisk (Lair:2)
  3 wyverns
  30 yaks
  Menkaure (D:6)
  6 wargs (Orc:1)
  2 hungry ghosts
  Edmund (D:6)
  7 water moccasins
  4 porcupines
  9 orc warriors
  2 sky beasts (D:11)
  A phantom (D:11)
  4 black bears
  14 ogres
  The ghost of Gargoyl the Skirmisher, an amateur CeAK of Lugonu (D:3)
  3 ice beasts
  4 necrophages
  A wolf (Orc:1)
  3 centaurs
  2 crocodiles
  A big kobold (D:11)
  2 wyvern zombies (D:11)
  13 bullfrogs
  2 cyclops zombies (Orc:1)
  A wyvern skeleton (D:11)
  2 scorpions
  30 killer bees
  13 wights
  A howler monkey (D:4)
  2 electric eels (D:6)
  4 crimson imps
  2 quasits (D:6)
  A bullfrog zombie (D:9)
  3 centaur zombies (D:11)
  16 orc priests
  6 hounds
  A jelly (D:7)
  A centaur skeleton (D:5)
  A bullfrog skeleton (D:11)
  Terence (D:2)
  3 iguanas
  18 orc wizards
  8 worker ants
  A hound zombie (D:5)
  A hound skeleton (D:4)
  3 mummies (D:11)
  A howler monkey zombie (D:6)
  2 worker ant zombies (D:10)
  7 gnolls
  11 adders
  6 shadow imps
  2 adder zombies
  An adder skeleton (D:5)
  8 worms
  4 dart slugs
  6 leopard geckos
  69 orcs
  A ball python (D:3)
  7 bats
  5 giant cockroaches
  3 goblins
  7 hobgoblins
  11 jackals
  4 quokkas
  3 frilled lizards
  11 kobolds
  A leopard gecko skeleton (D:5)
  A quokka skeleton (D:4)
  9 rats
  A fungus (Lair:1)
489 creatures vanquished.

Vanquished Creatures (others)
  A cyclops (Orc:1)
  2 centaurs
  5 fungi
  3 plants
11 creatures vanquished.

Grand Total: 500 creatures vanquished

Notes
Turn   | Place    | Note
-------+----------+-------------------------------------------
     0 | D:1      | Peloso the Halfling Fighter began the quest for the Orb.
     0 | D:1      | Reached XP level 1. HP: 15/15 MP: 1/1
   357 | D:1      | Reached XP level 2. HP: 20/20 MP: 2/2
   753 | D:1      | Reached XP level 3. HP: 23/25 MP: 3/3
  1179 | D:2      | Noticed Terence
  1190 | D:2      | Killed Terence
  1190 | D:2      | Reached XP level 4. HP: 21/31 MP: 4/4
  1286 | D:2      | Found a shattered altar of Ashenzari.
  1658 | D:2      | Reached XP level 5. HP: 30/36 MP: 5/5
  2306 | D:3      | Noticed a bullfrog
  2313 | D:3      | Killed a bullfrog
  2523 | D:3      | Noticed Gargoyl's ghost (amateur CeAK)
  2537 | D:3      | Killed Gargoyl's ghost
  2537 | D:3      | Reached XP level 6. HP: 30/42 MP: 6/6
  2613 | D:3      | Found a blossoming altar of Fedhas.
  3141 | D:3      | Reached skill level 5 in Long Blades
  3180 | D:3      | Noticed a hippogriff
  3194 | D:3      | Killed a hippogriff
  3194 | D:3      | Reached skill level 5 in Shields
  3194 | D:3      | Reached XP level 7. HP: 12/46 MP: 7/7
  4744 | D:4      | Reached skill level 1 in Stealth
  4744 | D:4      | Reached XP level 8. HP: 47/54 MP: 8/8
  5425 | D:4      | Reached skill level 1 in Dodging
  5480 | D:5      | Entered Level 5 of the Dungeon
  5574 | D:5      | Noticed tensugalgo's ghost (novice DsGl)
  5628 | D:5      | Killed tensugalgo's ghost
  5790 | D:5      | Reached XP level 9. HP: 59/59 MP: 9/9
  6040 | D:5      | Found a staircase to the Ecumenical Temple.
  6051 | Temple   | Entered the Ecumenical Temple
  6086 | Temple   | Became a worshipper of Warmaster Okawaru
  6140 | D:5      | Reached skill level 5 in Armour
  6797 | D:6      | Noticed Menkaure
  6806 | D:6      | Killed Menkaure
  7443 | D:6      | Noticed Edmund
  7472 | D:6      | Killed Edmund
  7733 | D:6      | Noticed Prince Ribbit
  7751 | D:6      | Killed Prince Ribbit
  7751 | D:6      | Reached * piety under Okawaru
  8687 | D:7      | Reached skill level 5 in Fighting
  9195 | D:7      | Noticed a hippogriff
  9211 | D:7      | Killed a hippogriff
  9211 | D:7      | Reached XP level 10. HP: 61/66 MP: 10/10
  9616 | D:7      | HP: 3/66 [orc priest/nerve-wracking pain (13)]
 10303 | D:8      | Reached ** piety under Okawaru
 11250 | D:9      | Found a staircase to the Lair.
 12135 | D:9      | Found a staircase to the Orcish Mines.
 12145 | D:9      | Reached *** piety under Okawaru
 12256 | D:9      | Noticed a komodo dragon
 12274 | D:9      | Killed a komodo dragon
 12274 | D:9      | Reached skill level 10 in Long Blades
 12274 | D:9      | Reached skill level 10 in Shields
 12324 | D:9      | Reached XP level 11. HP: 63/72 MP: 11/11
 12586 | D:10     | Entered Level 10 of the Dungeon
 12842 | D:10     | Noticed a two-headed ogre
 12854 | D:10     | Killed a two-headed ogre
 13166 | D:9      | Reached skill level 1 in Invocations
 13718 | D:10     | Noticed a two-headed ogre
 13738 | D:10     | Killed a two-headed ogre
 13738 | D:10     | Reached **** piety under Okawaru
 14933 | Lair:1   | Entered Level 1 of the Lair of Beasts
 14941 | Lair:1   | Got a crude chain mail
 14952 | Lair:1   | Identified the +1 chain mail "Ceifiut" {rCorr} (You found it on level 1 of the Lair of Beasts)
 16042 | Lair:1   | Reached ***** piety under Okawaru
 16463 | Lair:2   | Reached XP level 12. HP: 60/80 MP: 13/13
 16474 | Lair:2   | Noticed Sonja
 16849 | Lair:2   | Noticed a four-headed hydra
 17046 | D:11     | Noticed an eight-headed hydra
 17554 | Lair:2   | HP: 1/81 [komodo dragon (20)]
 17967 | Lair:2   | Noticed Urug
 18343 | Lair:3   | Noticed a four-headed hydra
 18360 | Lair:3   | HP: 2/81 [four-headed hydra (9)]
 18363 | Lair:3   | Killed a four-headed hydra
 18707 | Lair:3   | Got a faintly glowing scale mail
 18825 | Lair:3   | Reached skill level 1 in Polearms
 19363 | Lair:3   | Received a gift from Okawaru
 19366 | Lair:3   | Got dazzling fire dragon scales {god gift}
 19389 | Lair:3   | Identified the +2 fire dragon scales "Rapt" {rF++ rC- Dex+2} (Okawaru gifted it to you on level 3 of the Lair of Beasts)
 19399 | Lair:3   | Identified the +2 scale mail of Fidduel {Int+6} (You found it on level 3 of the Lair of Beasts)
 19550 | Lair:3   | Found a hole to the Spider Nest.
 19588 | Lair:3   | HP: 4/81 [jumping spider (3)]
 20606 | Lair:2   | Killed Urug
 20766 | Lair:2   | Reached XP level 13. HP: 84/86 MP: 14/14
 20859 | Lair:2   | Killed Sonja
 20921 | Lair:2   | HP: 4/87 [komodo dragon (14)]
 21659 | Orc:1    | Entered Level 1 of the Orcish Mines
 22371 | Orc:1    | Noticed an ettin
 22388 | Orc:1    | Killed an ettin
 22779 | Orc:1    | Reached skill level 5 in Dodging
 23390 | Orc:1    | Noticed an ettin
 23392 | Orc:1    | Noticed an ettin
 23405 | Orc:1    | Killed an ettin
 23406 | Orc:1    | Noticed a stone giant
 23419 | Orc:1    | Received a gift from Okawaru
 23443 | Orc:1    | Killed a stone giant
 23450 | Orc:1    | Killed an ettin
 23450 | Orc:1    | Reached XP level 14. HP: 41/95 MP: 13/15
 23725 | Orc:1    | Got a smoking shortbow
 24300 | D:11     | Found Zuad's Book Boutique.
 25057 | D:12     | Found a labyrinth entrance.
 25060 | D:12     | Reached skill level 10 in Armour
 25066 | Lab      | Entered a labyrinth
 26761 | D:12     | Received a gift from Okawaru
 26764 | D:12     | Got a slimy long sword {god gift}
 26765 | D:12     | Identified the +0 long sword of Innocence {slice, rN+} (Okawaru gifted it to you on level 12 of the Dungeon)
 28021 | D:12     | Slain by a catoblepas

Skill      XL: |  1  2  3  4  5  6  7  8  9 10 11 12 13 14 |
---------------+-------------------------------------------+-----
Fighting       | 3 4 5 6 7 8 9 |  9.3
Shields        | 4 5 6 8 10 11 12 13 14 | 14.3
Long Blades    | 3 4 5 6 7 8 10 11 12 13 14 | 14.1
Armour         | 4 5 6 7 9 10 | 10.2
Stealth        | 1 2 |  2.4
Dodging        | 1 2 3 4 5 |  5.9
Invocations    | 1 2 |  2.5
Polearms       | 1 |  1.3
Maces & Flails | |  0.6
Evocations     | |  0.8

Action                   |  1- 3 |  4- 6 |  7- 9 | 10-12 | 13-15 || total
-------------------------+-------+-------+-------+-------+-------++-------
Melee: Long sword        |   104 |   157 |   549 |  1094 |       ||  1904
       Spear             |       |       |       |    15 |       ||    15
       Scimitar          |       |       |       |    11 |   555 ||   566
       Morningstar       |       |       |       |       |    12 ||    12
Invok: Heroism           |       |       |       |    18 |     7 ||    25
Evoke: Wand              |       |       |       |     1 |     1 ||     2
  Use: Potion            |       |     1 |       |    10 |     2 ||    13
       Scroll            |       |       |    14 |    10 |     3 ||    27
  Eat: Chunk             |     1 |     6 |    17 |    63 |    40 ||   127
       Fruit             |       |       |     4 |       |     3 ||     7
Armor: Chain mail        |    37 |    68 |   175 |   142 |       ||   422
       Plate armour      |       |       |       |   130 |       ||   130
       Fire dragon scale |       |       |       |    63 |    95 ||   158
Dodge: Dodged            |    26 |    36 |   124 |   307 |   233 ||   726
Block: Shield            |    55 |   107 |   435 |   898 |   475 ||  1970
       Reflection        |       |       |    15 |    10 |    16 ||    41
       Rpst.: Long sword |    12 |    13 |    32 |    75 |       ||   132
       Scimitar          |       |       |       |       |    40 ||    40
